AoeStats
← 孤傲苍狼啸月圆

Arena

509300848Analyzed
2v2 RM · 6d ago on Sep 26, 2026· 43m 2s· 4 players
Game mode
Random Map
Map size
Medium (4 player)
Population
200
Speed
Normal
Resources
Standard
Victory
Conquest
Starting age
Dark Age
Ending age
Imperial Age
RankedLock teamsTeams togetherTeam positionsShared explorationLock speedFull tech treeHidden civsTurbo modeCheats
Victory
Defeat
🇹🇼 Malians · Taiwan
607
+11
🇹🇼 Danes · Taiwan
605
+11
🇨🇳 Inca · China
556
-13
🇲🇽 Aztecs · Mexico
429
-9
Don Quintin
0:49 Loom
12:44 Feudal Age
13:12 Town Watch
13:14 Double-Bit Axe
13:11 Horse Collar
20:29 Gold Mining
24:10 Castle Age
22:42 Forging
22:33 Scale Mail Armor
25:48 Bow Saw
25:47 Treadmill Crane
26:04 Murder Holes
26:20 Fortified Wall
26:31 Ballistics
26:26 Heavy Plow
27:42 Gold Shaft Mining
29:07 Stone Mining
30:43 Iron Casting
孤傲苍狼啸月圆
15:54 Feudal Age
20:31 Castle Age
20:02 Forging
19:52 Scale Mail Armor
19:53 Padded Archer Armor
19:43 Fletching
22:37 Iron Casting
22:18 Chain Mail Armor
22:20 Leather Archer Armor
26:09 Wheelbarrow
25:19 Loom
27:07 Bodkin Arrow
33:48 Elite Skirmisher
39:44 Horse Collar
39:50 Double-Bit Axe
39:55 Gold Mining
39:56 Stone Mining
42:46 Imperial Age
40:30 Heavy Plow
40:58 Andean Sling
42:59 Bow Saw
43:25 Gold Shaft Mining
43:25 Stone Shaft Mining
風起隨風飄
2:39 Loom
10:56 Feudal Age
11:32 Double-Bit Axe
12:17 Horse Collar
13:33 Gold Mining
19:07 Castle Age
19:21 Stone Mining
21:53 Bow Saw
21:46 Heavy Plow
28:44 Ballistics
28:36 Fortified Wall
28:37 Masonry
34:20 Scale Mail Armor
34:30 Forging
38:26 Gold Shaft Mining
38:26 Stone Shaft Mining
40:37 Imperial Age
38:37 Caravan
38:53 Murder Holes
38:50 Heated Shot
38:42 Treadmill Crane
42:28 Elite Gbeto
Set Huang
2:32 Loom
11:37 Feudal Age
12:06 Double-Bit Axe
13:22 Horse Collar
18:02 Wheelbarrow
21:52 Castle Age
20:33 Wheelbarrow
20:06 Arson
20:47 Gold Mining
21:07 Man-at-Arms
23:45 Gambesons
24:01 Squires
23:22 Long Swordsman
24:23 Bow Saw
25:25 Heavy Plow
26:12 Gold Shaft Mining
25:30 Stone Mining
30:13 Forging
30:04 Padded Archer Armor
30:06 Scale Mail Armor
30:39 Caravan
31:09 Coinage
31:54 Stone Shaft Mining
33:01 Iron Casting
32:41 Chain Mail Armor
32:42 Leather Archer Armor
32:21 Hamask
35:55 Coinage
40:01 Sanctity
39:41 Devotion
39:51 Redemption
39:53 Fervor
42:54 Imperial Age
40:42 Hand Cart
41:17 Chain Mail Armor
42:32 Fletching
42:58 Northmen's Fury
43:01 Elite Jomsviking
43:02 Northmen's Fury
Connection lost

Rejoining the realm…

Still unreachable

The connection could not be restored.

Session expired

The server has moved on; the page needs a fresh start.